 Dungeon Crawl Stone Soup version 0.27.1-3-gb3d3a73c9e (webtiles) character file.

Game seed: 11394544270979901034

92 Eitelfritz the Slasher (level 4, 0/34 HPs)
             Began as a Demonspawn Gladiator on Oct 22, 2021.
             Slain by Pikel (2 damage)
             ... on level 4 of the Dungeon.
             The game lasted 00:05:23 (3254 turns).

Eitelfritz the Slasher (Demonspawn Gladiator)       Turns: 3254, Time: 00:05:23

Health: 0/34       AC:  6    Str: 15    XL:     4   Next: 35%
Magic:  4/4        EV: 12    Int:  9    God:
Gold:   77         SH:  0    Dex: 15    Spells: 3/3 levels left

rFire    . . .     SeeInvis .   a - +0 long sword
rCold    + . .     Faith    .   (no shield)
rNeg     . . .     Spirit   .   n - +2 leather armour {rC+}
rPois    .         Reflect  .   c - +0 helmet
rElec    .         Harm     .   (no cloak)
rCorr    .         Rampage  .   (no gloves)
Will     .....                  (no boots)
Stlth    +.........             (no amulet)
HPRegen  0.11/turn              (no ring)
MPRegen  0.09/turn              (no ring)

@: no status effects
A: demonic guardian 1, powered by pain 1
a: no special abilities


You were on level 4 of the Dungeon.
You visited 1 branch of the dungeon, and saw 4 of its levels.

You collected 77 gold pieces.

Inventory:

Hand Weapons
 a - a +0 long sword (weapon)
Missiles
 d - 3 throwing nets (quivered)
 p - 6 curare-tipped darts
Armour
 c - a +0 helmet (worn)
 n - a +2 leather armour of cold resistance (worn)
Scrolls
 g - a scroll of fear {unknown}
 i - a scroll of holy word {unknown}
 j - a scroll of enchant weapon {unknown}
 k - a scroll of noise {unknown}
 m - a scroll of identify {unknown}
 o - 2 scrolls of torment {unknown}
Potions
 b - a potion of berserk rage {unknown}
 e - 2 potions of ambrosia {unknown}
 f - a potion of mutation {unknown}
 h - 3 potions of curing {unknown}
 l - a potion of haste {unknown}


   Skills:
 + Level 2.4 Fighting
 + Level 3.8 Long Blades
 + Level 2.1 Throwing
 + Level 1.0 Armour
 + Level 3.1 Dodging
 + Level 0.2 Stealth


You had 3 spell levels left.
You didn't know any spells.
Your spell library contained the following spells:

 Spells                   Type           Power      Damage    Failure   Level
 Animate Skeleton         Necr           0%         N/A       45%         1
 Pain                     Necr           0%         1d4       45%         1
 Vampiric Draining        Necr           0%         2d6       83%         3


Dungeon Overview and Level Annotations

Branches:
Dungeon (4/15)
 Temple: D:4-7

Altars:
Fedhas
Kikubaaqudgha
Sif Muna

Shops:
D:2 :   D:3 [

Annotations:
D:4 1 runed translucent door, Pikel; bobkasz2's ghost, amateur DsGl


Innate Abilities, Weirdness & Mutations

A weak demonic guardian rushes to your aid.
You sometimes gain a little power by taking damage.


Message History

You see here a hound corpse.
Pikel the Slaver comes into view.
He is wielding a +2 whip of flaming.
A lemure comes into view.
Pikel shouts!
The lemure shouts!
You hear a shout!
You hear an angry growl.
Pikel hits you with a +2 whip of flaming.
Pikel burns you.
You hear a shout!
Your iron imp closely misses Pikel.
You see here a hound corpse.
You swap places.
Pikel closely misses you.
Your iron imp hits Pikel.
You barely miss Pikel.
Pikel is lightly wounded.
Pikel hits you with a +2 whip of flaming.
A demonic guardian appears!
Pikel burns you.
Your iron imp hits Pikel.
You swap places.
Your iron imp disappears in a puff of smoke!
Pikel hits your iron imp but does no damage.
What are your orders? t - Shout!
Orders for allies: a - Attack new target. r - Retreat! s - Stop attacking. g - Guard the area. f - Follow me.
Anything else - Cancel.
Gang up on whom?
Press: ? - help, Dir - move target, f - Pikel
Aim: Pikel, wielding a +2 whip of flaming and wearing a +0 robe (lightly wounded, ally target) Attack!
Your iron imp barely misses Pikel.
Pikel hits your iron imp with a +2 whip of flaming!
Pikel hits your iron imp with a +2 whip of flaming!
Your iron imp dies!
You closely miss Pikel.
Pikel is lightly wounded.
Pikel hits you with a +2 whip of flaming.
* * * LOW HITPOINT WARNING * * *
Pikel burns you.
* * * LOW HITPOINT WARNING * * *
Pikel hits you with a +2 whip of flaming.
* * * LOW HITPOINT WARNING * * *
Pikel burns you.
You die...

#. #. ..#######
#.......#
#5#####.###########
#.#.@.............#
#.#K###.#########.#
#..5# ######### #.#
#####
#.....#.###'###
#(≈≈≈≈+........
#.....#........
#######........
#####'### #.#..


You could see Pikel and a lemure.

Vanquished Creatures
  A hound (D:4)
  An adder (D:2)
  3 worms
  A dart slug (D:2)
  3 endoplasms (D:2)
  A giant cockroach (D:2)
  3 goblins
  5 hobgoblins
  4 kobolds
  2 quokkas (D:3)
  5 ball pythons
  6 bats
  A frilled lizard (D:2)
  4 rats (D:2)
40 creatures vanquished.

Vanquished Creatures (collateral kills)
  A worm (D:3)
1 creature vanquished.

Grand Total: 41 creatures vanquished

Notes
Turn   | Place    | Note
-------+----------+-------------------------------------------
     0 | D:1      | Eitelfritz the Demonspawn Gladiator began the quest for the
                  | Orb.
     0 | D:1      | Reached XP level 1. HP: 16/16 MP: 1/1
     3 | D:1      | Noticed an electric eel
     4 | D:1      | Noticed an electric eel
   525 | D:1      | Gained mutation: You sometimes gain a little power by
                  | taking damage. [demonic ancestry]
   525 | D:1      | Reached XP level 2. HP: 22/22 MP: 2/2
  1561 | D:2      | Gained mutation: A weak demonic guardian rushes to your
                  | aid. [demonic ancestry]
  1561 | D:2      | Reached XP level 3. HP: 22/27 MP: 3/3
  1943 | D:2      | Found Uxitue's Book Shop.
  2343 | D:3      | Found an ancient bone altar of Kikubaaqudgha.
  2347 | D:3      | Found a shimmering blue altar of Sif Muna.
  2607 | D:3      | Found Qozaxkeh's Antique Armour Shop.
  3101 | D:3      | Found a blossoming altar of Fedhas.
  3198 | D:4      | Found a runed translucent door.
  3202 | D:4      | Noticed bobkasz2's ghost (amateur DsGl)
  3234 | D:4      | Reached skill level 1 in Armour
  3234 | D:4      | Reached XP level 4. HP: 22/34 MP: 4/4
  3244 | D:4      | Noticed Pikel
  3245 | D:4      | Noticed a lemure
  3254 | D:4      | Slain by Pikel

Illustrated notes

Levels and vault maps discovered:
D:1:      arrival_aquarium_b, layout_basic
D:2:      layout_basic, serial_shops, shop
D:3:      layout_loops_ring, fedhas_altar_4, grunt_temple_overflow_open,
          serial_shops, shop, minmay_misc_feat_square
D:4:      layout_basic, ebering_ghost_reflecting_pool, uniq_pikel, uniq_robin,
          uniq_eustachio

Skill      XL: |  1  2  3 |
---------------+----------+-----
Long Blades    | 3 |  3.8
Throwing       | 2 |  2.1
Dodging        | 3 |  3.1
Armour         | 1 |  1.0
Fighting       | |  2.4
Stealth        | |  0.2

Action                   |  1- 3 |  4- 6 || total
-------------------------+-------+-------++-------
Melee: Long sword        |   113 |     2 ||   115
 Stab: Distracted        |     1 |       ||     1
       Sleeping          |     1 |       ||     1
Armor: Leather armour    |    45 |       ||    45
Dodge: Dodged            |    79 |     1 ||    80
       Rpst.: Long sword |    28 |       ||    28
